AoeStats
← sebas4fr

Arena

508940364Analyzed
4v4 RM · 8d ago on Sep 24, 2026· 51m 8s· 8 players
Game mode
Random Map
Map size
Large (8 player)
Population
200
Speed
Normal
Resources
Standard
Victory
Conquest
Starting age
Dark Age
Ending age
Imperial Age
RankedLock teamsTeams togetherTeam positionsShared explorationLock speedFull tech treeHidden civsTurbo modeCheats
Victory
Defeat
🇵🇾 Teutons · Paraguay
1155
+14
🇧🇷 Franks · Brazil
1134
+15
🇨🇴 Bohemians · Colombia
1114
+16
🇦🇷 Franks · Argentina
1110
+16
🇷🇺 Danes · Russia
1153
-18
🇬🇧 Persians · United Kingdom
1114
-15
🇨🇴 Varangians · Colombia
1092
-14
🇨🇦 Varangians · Canada
1087
-14
TheLawRøcK®
10:20 Feudal Age
15:05 Castle Age
14:05 Double-Bit Axe
16:14 Wheelbarrow
16:18 Bow Saw
17:17 Hand Cart
19:24 Gold Mining
21:24 Gold Shaft Mining
24:49 Stone Mining
25:58 Husbandry
28:11 Forging
31:24 Imperial Age
30:08 Iron Casting
29:39 Scale Barding Armor
30:51 Fletching
31:20 Loom
31:19 Man-at-Arms
31:38 Cavalier
34:17 Blast Furnace
33:52 Conscription
33:05 Paladin
34:41 Long Swordsman
35:07 Gambesons
35:18 Two-Handed Swordsman
37:29 Scale Mail Armor
37:46 Champion
38:27 Squires
49:44 Chain Mail Armor
49:50 Chain Barding Armor
50:15 Bodkin Arrow
52:01 Plate Barding Armor
51:57 Plate Mail Armor
Dani Blackmore
11:13 Feudal Age
15:36 Castle Age
13:43 Double-Bit Axe
17:44 Loom
21:12 Horse Collar
22:24 Bow Saw
23:13 Fervor
24:40 Heavy Plow
24:33 Pikeman
30:02 Imperial Age
28:49 Wheelbarrow
29:22 Chemistry
29:43 Padded Archer Armor
29:53 Forging
29:44 Scale Mail Armor
30:34 Wagenburg Tactics
30:55 Hand Cart
32:46 Leather Archer Armor
33:07 Iron Casting
32:48 Chain Mail Armor
33:11 Halberdier
33:53 Squires
33:46 Town Watch
37:01 Conscription
37:17 Houfnice
38:20 Ballistics
42:14 Ring Archer Armor
42:45 Blast Furnace
42:15 Plate Mail Armor
41:55 Siege Engineers
41:59 Elite Hussite Wagon
50:02 Fletching
KZA
11:08 Feudal Age
9:54 Loom
14:53 Castle Age
13:25 Double-Bit Axe
30:17 Imperial Age
27:54 Husbandry
28:24 Bow Saw
28:59 Wheelbarrow
29:14 Scale Barding Armor
29:20 Forging
29:06 Town Watch
30:26 Chain Barding Armor
30:22 Cavalier
31:29 Conscription
31:48 Iron Casting
32:18 Hand Cart
31:45 Paladin
33:02 Plate Barding Armor
36:54 Ballistics
37:35 Chemistry
36:42 Siege Engineers
45:42 Siege Engineers
47:29 Light Cavalry
49:41 Blast Furnace
1811.RJ
10:54 Feudal Age
14:42 Castle Age
12:56 Horse Collar
13:07 Double-Bit Axe
14:35 Gold Mining
14:35 Stone Mining
16:25 Bow Saw
18:26 Loom
18:29 Town Watch
21:19 Wheelbarrow
20:31 Loom
23:35 Heavy Plow
25:31 Hand Cart
29:07 Imperial Age
27:13 Pikeman
27:53 Squires
28:45 Scale Mail Armor
28:55 Forging
29:09 Ballistics
28:59 Arson
29:16 Halberdier
30:12 Chain Mail Armor
31:20 Two-Man Saw
31:06 Conscription
31:49 Plate Mail Armor
31:54 Iron Casting
31:31 Gambesons
31:07 Man-at-Arms
31:15 Onager
32:40 Fletching
32:27 Long Swordsman
34:56 Chemistry
35:23 Two-Handed Swordsman
37:04 Blast Furnace
40:24 Champion
41:51 Hoardings
43:46 Bloodlines
43:42 Scale Barding Armor
44:54 Bodkin Arrow
solmanfu
11:20 Feudal Age
13:12 Wheelbarrow
12:25 Double-Bit Axe
12:59 Horse Collar
15:46 Castle Age
17:10 Bow Saw
19:00 Heavy Plow
18:56 Gold Mining
21:06 Loom
22:01 Stone Mining
26:19 Hand Cart
26:53 Gold Shaft Mining
30:28 Imperial Age
29:13 Bloodlines
29:12 Scale Barding Armor
29:18 Forging
28:59 Fletching
30:26 Chain Barding Armor
30:48 Stone Shaft Mining
30:12 Cavalier
31:15 Conscription
31:32 Husbandry
32:14 Iron Casting
31:27 Light Cavalry
31:31 Savar
32:41 Ballistics
33:24 Chemistry
34:34 Plate Barding Armor
35:00 Blast Furnace
34:19 Citadels
35:14 Bodkin Arrow
36:28 Thumb Ring
36:36 Masonry
36:22 Murder Holes
37:06 Hoardings
36:13 Heavy Camel Rider
36:19 Pikeman
37:00 Squires
37:05 Scale Mail Armor
37:07 Padded Archer Armor
39:30 Crop Rotation
40:02 Two-Man Saw
38:49 Town Watch
39:22 Leather Archer Armor
39:23 Chain Mail Armor
40:36 Architecture
41:05 Elite Skirmisher
42:44 Plate Mail Armor
42:45 Ring Archer Armor
45:27 Hussar
46:44 Halberdier
sebas4fr
11:28 Feudal Age
15:05 Castle Age
13:16 Double-Bit Axe
13:12 Horse Collar
14:55 Wheelbarrow
14:05 Loom
14:11 Town Watch
24:38 Bow Saw
30:42 Imperial Age
28:29 Hand Cart
28:45 Gambesons
29:01 Squires
28:50 Arson
29:28 Forging
29:18 Scale Mail Armor
29:25 Scale Mail Armor
29:28 Pikeman
31:24 Iron Casting
31:04 Chain Mail Armor
31:05 Gold Mining
31:05 Stone Mining
31:30 Heavy Plow
32:32 Two-Man Saw
31:55 Conscription
32:08 Elite Varangian Guard
33:47 Crop Rotation
33:53 Elite Jarl
33:55 Gothikon
35:10 Plate Mail Armor
35:40 Blast Furnace
34:29 Halberdier
35:26 Scale Barding Armor
36:22 Blast Furnace
37:17 Chain Barding Armor
36:48 Fletching
37:42 Bloodlines
37:32 Husbandry
38:36 Masonry
38:06 Treadmill Crane
38:18 Light Cavalry
39:23 Padded Archer Armor
40:25 Fortified Wall
40:36 Ballistics
41:57 Bodkin Arrow
42:17 Leather Archer Armor
42:39 Plate Barding Armor
44:33 Cranequins
Argote
11:49 Feudal Age
16:42 Castle Age
15:03 Double-Bit Axe
15:02 Horse Collar
17:13 Loom
21:37 Fletching
24:09 Wheelbarrow
27:29 Scale Barding Armor
30:57 Imperial Age
28:49 Hand Cart
29:25 Heavy Plow
29:44 Bow Saw
29:50 Forging
30:17 Town Watch
30:59 Chain Barding Armor
31:02 Gold Mining
31:02 Stone Mining
31:37 Onager
34:01 Two-Man Saw
33:42 Pikeman
34:23 Squires
35:13 Bloodlines
35:03 Husbandry
35:01 Halberdier
36:35 Town Patrol
38:49 Plate Barding Armor
38:50 Iron Casting
39:54 Scale Mail Armor
44:11 Blast Furnace
45:29 Chain Mail Armor
45:10 Bodkin Arrow
47:03 Chain Mail Armor
48:05 Padded Archer Armor
48:36 Plate Mail Armor
49:05 Leather Archer Armor
48:46 Bodkin Arrow
Él nachos
11:10 Feudal Age
15:00 Castle Age
12:53 Double-Bit Axe
12:54 Horse Collar
17:21 Bow Saw
25:20 Wheelbarrow
24:38 Loom
24:20 Pikeman
25:26 Forging
25:16 Scale Mail Armor
25:24 Squires
25:43 Gold Mining
28:41 Gold Shaft Mining
27:57 Stone Mining
31:14 Imperial Age
29:43 Heavy Plow
29:36 Gambesons
29:38 Arson
30:32 Iron Casting
31:58 Chain Mail Armor
31:39 Fletching
32:31 Stone Shaft Mining
32:18 Conscription
31:34 Elite Jomsviking
32:09 Elite Jomsviking
34:04 Blast Furnace
34:08 Hand Cart
33:39 Town Watch
33:57 Murder Holes
34:23 Ballistics
34:52 Plate Mail Armor
34:08 Hamask
35:23 Halberdier
42:06 Man-at-Arms
42:52 Elite Varangian Guard
43:25 Long Swordsman
44:14 Two-Handed Swordsman
45:06 Champion
50:22 Hoardings
Connection lost

Rejoining the realm…

Still unreachable

The connection could not be restored.

Session expired

The server has moved on; the page needs a fresh start.